PIO (24 & UNDER)
CHULA VISTA TACOS @ SEATTLE RAINIERS
05/17/2028
 
TOP OF THE 1ST
Chula Vista Tacos batting - Pitching for Seattle Rainiers : RHP Wes Meeks
Pitching: RHP Wes Meeks
Batting: RHB Jake Lawrence 0-0: Called Strike
0-1: Ball
1-1: Swinging Strike
1-2: Strikes out swinging
Batting: RHB Ron Garrett 0-0: Swinging Strike
0-1: Fly out, F9 (Flyball, 9S)
Batting: LHB Arthur MacDonald 0-0: Ball
1-0: Ball
2-0: Ball
3-0: Base on Balls
Batting: RHB Jake Reeves 0-0: Ball
1-0: Called Strike
1-1: Ball
2-1: Foul Ball, location: 2F
2-2: Strikes out looking
Top of the 1st over - 0 run(s), 0 hit(s), 0 error(s), 1 left on base; Chula Vista 0 - Seattle 0
BOTTOM OF THE 1ST
Seattle Rainiers batting - Pitching for Chula Vista Tacos : RHP Maurice Green
Pitching: RHP Maurice Green
Batting: RHB Alfredo Farías 0-0: Ball
1-0: Ball
2-0: Called Strike
2-1: Foul Ball, location: 2F
2-2: SINGLE (Line Drive, 34)
Batting: RHB Cipriano Baca 0-0: Ball
1-0: Ball
2-0: Called Strike
2-1: Foul Ball, location: 2F
2-2: Fly out, F6 (Popup, 6)
Batting: RHB Tony Hernández 0-0: Called Strike
0-1: Called Strike
0-2: Foul Ball, location: 2F
0-2: Ball
1-2: Strikes out swinging
Batting: RHB Leonard Harris 0-0: Swinging Strike
0-1: Foul Ball, location: 2F
0-2: Foul Ball, location: 2F
0-2: Ball
1-2: Strikes out swinging
Bottom of the 1st over - 0 run(s), 1 hit(s), 0 error(s), 1 left on base; Chula Vista 0 - Seattle 0
TOP OF THE 2ND
Chula Vista Tacos batting - Pitching for Seattle Rainiers : RHP Wes Meeks
Batting: LHB Dave Reynolds 0-0: Called Strike
0-1: Ball
1-1: Called Strike
1-2: Ball
2-2: Ball
3-2: Base on Balls
Batting: LHB Steven Smith 0-0: Called Strike
Dave Reynolds steals 2nd base
0-1: Foul Ball, location: 2F
0-2: Foul Ball, location: 2F
0-2: Ball
1-2: Fly out, F7 (Flyball, 78D)
Batting: LHB Nick Hill 0-0: Ball
1-0: SINGLE (Groundball, 6MD)
Dave Reynolds to third
Runner from 3rd tries for Home, throw and OUT!
Nick Hill to second
Batting: LHB Roderick Delgado 0-0: Foul Ball, location: 2F
0-1: Swinging Strike
0-2: Ground out 6-3 (Groundball, 6D)
Top of the 2nd over - 0 run(s), 1 hit(s), 0 error(s), 1 left on base; Chula Vista 0 - Seattle 0
BOTTOM OF THE 2ND
Seattle Rainiers batting - Pitching for Chula Vista Tacos : RHP Maurice Green
Batting: LHB Carlos Valentín 0-0: Fly out, F8 (Flyball, 8RS)
Batting: RHB Oliver Sánchez 0-0: Ball
1-0: Swinging Strike
1-1: Foul Ball, location: 2F
1-2: Ball
2-2: Fly out, F5 (Line Drive, 56)
Batting: RHB Roger Lamb 0-0: Called Strike
0-1: Called Strike
0-2: Ball
1-2: Foul Ball, location: 2F
1-2: Ball
2-2: Strikes out swinging
Bottom of the 2nd over - 0 run(s), 0 hit(s), 0 error(s), 0 left on base; Chula Vista 0 - Seattle 0
TOP OF THE 3RD
Chula Vista Tacos batting - Pitching for Seattle Rainiers : RHP Wes Meeks
Batting: RHB Júlio García 0-0: Foul Ball, location: 2F
0-1: Ground out U3 (Groundball, 34)
Batting: RHB Jake Lawrence 0-0: Ground out 5-3 (Groundball, 56)
Batting: RHB Ron Garrett 0-0: Called Strike
0-1: Ball
1-1: Foul Ball, location: 2F
1-2: Foul Ball, location: 2F
1-2: Fly out, F4 (Popup, 4D)
Top of the 3rd over - 0 run(s), 0 hit(s), 0 error(s), 0 left on base; Chula Vista 0 - Seattle 0
BOTTOM OF THE 3RD
Seattle Rainiers batting - Pitching for Chula Vista Tacos : RHP Maurice Green
Batting: RHB Richie Sawyer 0-0: Ball
1-0: Ball
2-0: Fly out, F9 (Flyball, 9LS)
Batting: RHB Ricardo Ruíz 0-0: Called Strike
0-1: SINGLE (Groundball, 56D)
Batting: RHB Alfredo Farías 0-0: Ball
1-0: Swinging Strike
1-1: Called Strike
1-2: Ball
2-2: Ball
3-2: Strikes out swinging
Batting: RHB Cipriano Baca 0-0: Ball
1-0: Foul Ball, location: 2F
1-1: Fly out, F8 (Flyball, 8RM)
Bottom of the 3rd over - 0 run(s), 1 hit(s), 0 error(s), 1 left on base; Chula Vista 0 - Seattle 0
TOP OF THE 4TH
Chula Vista Tacos batting - Pitching for Seattle Rainiers : RHP Wes Meeks
Batting: LHB Arthur MacDonald 0-0: Ground out 6-3 (Groundball, 6)
Batting: RHB Jake Reeves 0-0: Ball
1-0: Ball
2-0: SINGLE (Flyball, 9LS)
Batting: LHB Dave Reynolds 0-0: SINGLE (Groundball, 4MD)
Jake Reeves to second
Batting: LHB Steven Smith 0-0: Called Strike
0-1: Foul Ball, location: 2F
0-2: Ball
1-2: Ball
2-2: Ball
3-2: Fielders Choice at 2nd, 4-6 (Groundball, 4)
Jake Reeves to third
Batting: LHB Nick Hill 0-0: Foul Ball, location: 2F
0-1: SINGLE (Groundball, 34D)
Jake Reeves scores
Steven Smith to second
Runner from 2nd tries for 3rd, SAFE, throw made to third
Batting: LHB Roderick Delgado 0-0: Called Strike
0-1: Ball
1-1: Swinging Strike
1-2: Foul Ball, location: 2F
1-2: Foul Ball, location: 2F
1-2: Fly out, F8 (Flyball, 8LM)
Top of the 4th over - 1 run(s), 3 hit(s), 0 error(s), 2 left on base; Chula Vista 1 - Seattle 0
BOTTOM OF THE 4TH
Seattle Rainiers batting - Pitching for Chula Vista Tacos : RHP Maurice Green
Batting: RHB Tony Hernández 0-0: Ball
1-0: Ball
2-0: Ball
3-0: Called Strike
3-1: Base on Balls
Batting: RHB Leonard Harris 0-0: Ball
1-0: Fly out, F9 (Flyball, 9)
Batting: LHB Carlos Valentín 0-0: Foul Ball, location: 2F
0-1: Foul Ball, location: 2F
0-2: Foul Ball, location: 2F
0-2: Ball
1-2: Fly out, F8 (Flyball, 8RM)
Batting: RHB Oliver Sánchez 0-0: Foul Ball, location: 2F
0-1: Fly out, F8 (Flyball, 8LS)
Bottom of the 4th over - 0 run(s), 0 hit(s), 0 error(s), 1 left on base; Chula Vista 1 - Seattle 0
TOP OF THE 5TH
Chula Vista Tacos batting - Pitching for Seattle Rainiers : RHP Wes Meeks
Batting: RHB Júlio García 0-0: Ball
1-0: Ball
2-0: Ball
3-0: Base on Balls
Batting: RHB Jake Lawrence 0-0: Ball
1-0: Hit by Pitch
Júlio García to second
Batting: RHB Ron Garrett 0-0: Swinging Strike
0-1: SINGLE (Flyball, 89S)
Júlio García to third
Jake Lawrence to second
Batting: LHB Arthur MacDonald 0-0: Called Strike
0-1: Fly out, F8 (Flyball, 78S)
Runner from 3rd tags up, SCORES, no throw
Batting: RHB Jake Reeves 0-0: Ball
1-0: SINGLE (Flyball, 8RS)
Jake Lawrence to third
Ron Garrett to second
Runner from 3rd tries for Home, SAFE, no throw
Batting: LHB Dave Reynolds 0-0: Ball
1-0: Fly out, F7 (Flyball, 78D)
Batting: LHB Steven Smith 0-0: Called Strike
0-1: Ball
1-1: Ball
2-1: Fly out, F9 (Flyball, 9S)
Top of the 5th over - 2 run(s), 2 hit(s), 0 error(s), 2 left on base; Chula Vista 3 - Seattle 0
BOTTOM OF THE 5TH
Seattle Rainiers batting - Pitching for Chula Vista Tacos : RHP Maurice Green
Batting: RHB Roger Lamb 0-0: Called Strike
0-1: Ball
1-1: Ball
2-1: Fly out, F8 (Flyball, 8LM)
Batting: RHB Richie Sawyer 0-0: Ball
1-0: Called Strike
1-1: Fly out, F9 (Flyball, 89M)
Batting: RHB Ricardo Ruíz 0-0: Reached on error, E6 (Groundball, 6M)
Batting: RHB Alfredo Farías 0-0: Fly out, F9 (Flyball, 89M)
Bottom of the 5th over - 0 run(s), 0 hit(s), 1 error(s), 1 left on base; Chula Vista 3 - Seattle 0
TOP OF THE 6TH
Chula Vista Tacos batting - Pitching for Seattle Rainiers : RHP Wes Meeks
Batting: LHB Nick Hill 0-0: Ball
1-0: Foul Ball, location: 2F
1-1: Ball
2-1: Ball
3-1: Base on Balls
Batting: LHB Roderick Delgado 0-0: Called Strike
0-1: Ball
1-1: Called Strike
1-2: Ball
2-2: Ball
3-2: Strikes out looking
Pitching: LHP Nick Thornton
Batting: RHB Júlio García 0-0: Ball
1-0: Ball
2-0: Called Strike
2-1: Swinging Strike
2-2: Foul Ball, location: 2F
2-2: Strikes out swinging
Batting: RHB Jake Lawrence 0-0: Fly out, F6 (Popup, 56D)
Top of the 6th over - 0 run(s), 0 hit(s), 0 error(s), 1 left on base; Chula Vista 3 - Seattle 0
BOTTOM OF THE 6TH
Seattle Rainiers batting - Pitching for Chula Vista Tacos : RHP Maurice Green
Batting: RHB Cipriano Baca 0-0: Ball
1-0: Ball
2-0: Called Strike
2-1: SINGLE (Line Drive, 34)
Batting: RHB Tony Hernández 0-0: Called Strike
0-1: 2-RUN HOME RUN (Flyball, 7LD), Distance : 383 ft
Batting: RHB Leonard Harris 0-0: Ball
1-0: Ball
2-0: Called Strike
2-1: Foul Ball, location: 2F
2-2: Ball
3-2: Foul Ball, location: 2F
3-2: Strikes out swinging
Batting: LHB Carlos Valentín 0-0: Fly out, F3 (Line Drive, 3)
Batting: RHB Oliver Sánchez 0-0: Ball
1-0: Ball
2-0: SINGLE (Flyball, 8RS)
Pitching: RHP Carlos Madraso
Batting: RHB Roger Lamb 0-0: Fly out, F9 (Flyball, 9S)
Bottom of the 6th over - 2 run(s), 3 hit(s), 0 error(s), 1 left on base; Chula Vista 3 - Seattle 2
TOP OF THE 7TH
Chula Vista Tacos batting - Pitching for Seattle Rainiers : LHP Nick Thornton
Batting: RHB Ron Garrett 0-0: Called Strike
0-1: Called Strike
0-2: Ball
1-2: Foul Ball, location: 2F
1-2: Ball
2-2: Ball
3-2: Foul Ball, location: 2F
3-2: Base on Balls
Batting: LHB Arthur MacDonald 0-0: Ball
1-0: Foul Ball, location: 2F
1-1: SINGLE (Line Drive, 9S)
Ron Garrett to second
Batting: RHB Jake Reeves 0-0: Grounds into double play, 6-4-3 (Groundball, 6D)
Ron Garrett to third
Batting: LHB Dave Reynolds 0-0: Swinging Strike
0-1: Ball
1-1: Ball
2-1: SINGLE (Line Drive, 9LS)
Ron Garrett scores
Batting: LHB Steven Smith 0-0: Ball
1-0: Fielders Choice at 2nd, 4-6 (Groundball, 4)
Top of the 7th over - 1 run(s), 2 hit(s), 0 error(s), 0 left on base; Chula Vista 4 - Seattle 2
BOTTOM OF THE 7TH
Seattle Rainiers batting - Pitching for Chula Vista Tacos : RHP Carlos Madraso
Batting: RHB Richie Sawyer 0-0: Ball
1-0: Called Strike
1-1: Ball
2-1: Called Strike
2-2: Foul Ball, location: 2F
2-2: Foul Ball, location: 2F
2-2: Ball
3-2: Foul Ball, location: 2F
3-2: Foul Ball, location: 2F
3-2: Foul Ball, location: 2F
3-2: Fly out, F9 (Flyball, 9LS)
Batting: RHB Ricardo Ruíz 0-0: Called Strike
0-1: SINGLE (Groundball, 4MD)
Batting: RHB Alfredo Farías 0-0: DOUBLE (Line Drive, 7LD)
Ricardo Ruíz to third
Batting: RHB Cipriano Baca 0-0: Ball
1-0: Ball
Wild Pitch!
Ricardo Ruíz scores
Alfredo Farías to third
2-0: Ball
3-0: Ground out 1-3 (Groundball, P)
Batting: RHB Tony Hernández 0-0: Fly out, F9 (Flyball, 9S)
Bottom of the 7th over - 1 run(s), 2 hit(s), 0 error(s), 1 left on base; Chula Vista 4 - Seattle 3
TOP OF THE 8TH
Chula Vista Tacos batting - Pitching for Seattle Rainiers : LHP Nick Thornton
Batting: LHB Nick Hill 0-0: Ground out 4-3 (Groundball, 4)
Batting: LHB Roderick Delgado 0-0: Called Strike
0-1: Swinging Strike
0-2: Ball
1-2: Strikes out swinging
Batting: RHB Júlio García 0-0: Ball
1-0: Called Strike
1-1: Ball
2-1: Ball
3-1: SINGLE (Popup, 56D)
Pitching: RHP Jesús Arredondo
Batting: RHB Jake Lawrence 0-0: Swinging Strike
0-1: Ball
1-1: Called Strike
1-2: Strikes out swinging
Top of the 8th over - 0 run(s), 1 hit(s), 0 error(s), 1 left on base; Chula Vista 4 - Seattle 3
BOTTOM OF THE 8TH
Seattle Rainiers batting - Pitching for Chula Vista Tacos : RHP Carlos Madraso
Now in LF: Guillermo Deleón
Batting: RHB Leonard Harris 0-0: SINGLE (Groundball, 6MD)
Pitching: LHP Matt Hull
Pinch Hitting: SHB Eduardo Sánchez 0-0: Ball
1-0: Ball
2-0: Ball
3-0: Called Strike
3-1: Foul Ball, location: 2F
3-2: Strikes out swinging
Pitching: RHP Pat Hanna
Pinch Hitting: LHB Kelsey Scott 0-0: Ball
1-0: Fly out, F8 (Flyball, 89D)
Pinch Hitting: RHB Chad Battle 0-0: Ball
1-0: Called Strike
1-1: SINGLE (Line Drive, 56D)
Leonard Harris to second
Batting: RHB Richie Sawyer 0-0: Ball
1-0: Ball
2-0: SINGLE (Groundball, 3) (infield hit)
Leonard Harris to third
Chad Battle to second
Batting: RHB Ricardo Ruíz 0-0: Foul Ball, location: 2F
0-1: Ball
1-1: Ball
2-1: Fly out, F9 (Line Drive, 9)
Bottom of the 8th over - 0 run(s), 3 hit(s), 0 error(s), 3 left on base; Chula Vista 4 - Seattle 3
TOP OF THE 9TH
Chula Vista Tacos batting - Pitching for Seattle Rainiers : RHP Jesús Arredondo
Now at 1B: Eduardo Sánchez
Now at 2B: Kelsey Scott
Now in LF: Ramón Ramírez
Batting: RHB Ron Garrett 0-0: Called Strike
0-1: Ball
1-1: Foul Ball, location: 2F
1-2: Ball
2-2: Foul Ball, location: 2F
2-2: Strikes out swinging
Pitching: LHP Jeffrey Glass
Batting: LHB Arthur MacDonald 0-0: SOLO HOME RUN (Flyball, 9D), Distance : 359 ft
Batting: RHB Jake Reeves 0-0: Foul Ball, location: 2F
0-1: Ball
1-1: Swinging Strike
1-2: Ball
2-2: Ball
3-2: SINGLE (Flyball, 78S)
Batting: LHB Dave Reynolds 0-0: Foul Ball, location: 2F
0-1: Ball
1-1: Ball
2-1: Called Strike
2-2: Ball
3-2: Base on Balls
Jake Reeves to second
Pinch Hitting: RHB Juan Morales 0-0: Ball
1-0: Foul Ball, location: 2F
1-1: Ball
2-1: Fielders Choice at 2nd, 6-4 (Groundball, 6M)
Jake Reeves to third
Pitching: RHP José Rivera
Batting: LHB Nick Hill 0-0: Called Strike
0-1: Ball
1-1: Ball
2-1: Foul Ball, location: 2F
2-2: Strikes out swinging
Top of the 9th over - 1 run(s), 2 hit(s), 0 error(s), 2 left on base; Chula Vista 5 - Seattle 3
BOTTOM OF THE 9TH
Seattle Rainiers batting - Pitching for Chula Vista Tacos : RHP Pat Hanna
Pitching: LHP Brian Hodges
Now at 2B: Conner Riley
Batting: RHB Alfredo Farías 0-0: SINGLE (Line Drive, 9S)
Batting: RHB Cipriano Baca 0-0: Foul Ball, location: 2F
0-1: Swinging Strike
0-2: Ball
1-2: Foul Ball, location: 2F
1-2: Grounds into double play, 5-4-3 (Groundball, 56)
Batting: RHB Tony Hernández 0-0: Called Strike
0-1: Fly out, F7 (Flyball, 7)
Bottom of the 9th over - 0 run(s), 1 hit(s), 0 error(s), 0 left on base; Chula Vista 5 - Seattle 3
Tuesday, August 8th, 2017 - OOTP Baseball 17.12 Build 75